AoeStats
← simon.castro260601

Fortress

507105129Analyzed
2v2 RM · 14d ago on Sep 16, 2026· 50m 5s· 4 players
Game mode
Random Map
Map size
Normal (6 player)
Population
200
Speed
Normal
Resources
Standard
Victory
Conquest
Starting age
Dark Age
Ending age
Imperial Age
RankedLock teamsTeams togetherTeam positionsShared explorationLock speedFull tech treeHidden civsTurbo modeCheats
Victory
Defeat
🇲🇽 Britons · Mexico
771
+15
🇲🇽 Romans · Mexico
767
+16
🇦🇷 Bohemians · Argentina
761
-16
🇦🇷 Burgundians · Argentina
757
-15
KadornaVII
6:43 Feudal Age
5:11 Horse Collar
6:05 Double-Bit Axe
8:56 Loom
13:23 Castle Age
15:36 Town Watch
17:45 Wheelbarrow
17:21 Scale Barding Armor
20:51 Forging
20:32 Fletching
22:20 Bow Saw
28:56 Imperial Age
26:02 Light Cavalry
26:44 Husbandry
27:42 Hand Cart
27:37 Caravan
28:53 Bodkin Arrow
29:01 Padded Archer Armor
29:06 Murder Holes
29:41 Chain Barding Armor
28:56 Elite Skirmisher
32:36 Chemistry
31:53 Cavalier
32:55 Hussar
33:40 Paladin
36:39 Ballistics
36:42 Conscription
38:02 Scale Mail Armor
44:00 Bracer
44:16 Leather Archer Armor
50:43 Iron Casting
SoloLeandro
7:09 Feudal Age
9:44 Double-Bit Axe
15:38 Castle Age
15:19 Forging
15:00 Fletching
17:24 Bow Saw
17:15 Bodkin Arrow
20:17 Loom
23:45 Chemistry
24:37 Ballistics
24:03 Elite Skirmisher
28:03 Imperial Age
26:58 Wheelbarrow
26:47 Treadmill Crane
27:16 Pikeman
28:06 Squires
31:43 Two-Man Saw
32:47 Murder Holes
32:55 Houfnice
36:58 Bracer
37:33 Iron Casting
36:59 Scale Mail Armor
36:59 Padded Archer Armor
37:23 Fervor
48:12 Leather Archer Armor
48:58 Blast Furnace
48:14 Chain Mail Armor
simon.castro260601
9:10 Feudal Age
9:51 Double-Bit Axe
9:50 Horse Collar
10:30 Gold Mining
17:18 Castle Age
16:58 Scale Mail Armor
17:09 Forging
17:04 Padded Archer Armor
16:54 Fletching
17:04 Stone Mining
20:27 Caravan
21:20 Bow Saw
23:29 Ballistics
23:22 Treadmill Crane
26:55 Wheelbarrow
26:07 Town Watch
26:08 Loom
27:01 Heavy Plow
29:41 Imperial Age
29:06 Hand Cart
30:03 Yeomen
30:04 Leather Archer Armor
29:44 Bodkin Arrow
31:15 Gold Shaft Mining
32:56 Ring Archer Armor
32:27 Bracer
34:42 Chemistry
33:48 Warwolf
33:20 Elite Longbowman
37:49 Siphons
42:40 Pikeman
43:20 Squires
andresnunezrubio23
1:41 Loom
10:00 Feudal Age
11:22 Wheelbarrow
10:11 Man-at-Arms
14:59 Double-Bit Axe
15:00 Horse Collar
15:23 Scale Mail Armor
15:34 Forging
21:31 Castle Age
19:32 Gold Mining
22:15 Squires
22:11 Long Swordsman
24:01 Pikeman
26:22 Town Watch
26:58 Chain Mail Armor
27:20 Iron Casting
27:12 Bow Saw
27:18 Heavy Plow
31:39 Imperial Age
33:28 Blast Furnace
32:03 Legionary
35:48 Comitatenses
36:25 Hand Cart
37:52 Crop Rotation
37:51 Husbandry
38:05 Bloodlines
38:08 Scale Barding Armor
37:42 Light Cavalry
39:06 Conscription
40:59 Elite Centurion
45:39 Chain Barding Armor
47:07 Gold Shaft Mining
Connection lost

Rejoining the realm…

Still unreachable

The connection could not be restored.

Session expired

The server has moved on; the page needs a fresh start.